 Dungeon Crawl Stone Soup version 0.30-a0-46-g5a63ccc183 (webtiles) character file.

Game seed: 7050799461570307723

35 Newt the Trooper (level 3, 0/28 HPs)
             Began as a Demonspawn Gladiator on Sept 1, 2022.
             Slain by a bat (1 damage)
             ... on level 1 of the Dungeon.
             The game lasted 00:01:22 (1810 turns).

Newt the Trooper (Demonspawn Gladiator)             Turns: 1810, Time: 00:01:23

Health: 0/28       AC:  4    Str: 16    XL:     3   Next: 16%
Magic:  3/3        EV: 12    Int:  9    God:
Gold:   50         SH:  0    Dex: 14    Spells: 2/2 levels left

rFire   . . .      SeeInvis .    a - +0 rapier
rCold   . . .      Faith    .    (no shield)
rNeg    . . .      Spirit   .    b - +0 leather armour
rPois   .          Reflect  .    c - +0 helmet
rElec   .          Harm     .    (no cloak)
rCorr   .          Rampage  .    (no gloves)
Will    .....                    (no boots)
Stlth   ++........               (no amulet)
HPRegen 0.09/turn                (no ring)
MPRegen 0.08/turn                (no ring)

@: no status effects
A: claws 2
a: no special abilities


You were on level 1 of the Dungeon.
You visited 1 branch of the dungeon, and saw 2 of its levels.

You collected 50 gold pieces.

Inventory:

Hand Weapons
 a - a +0 rapier (weapon)
Missiles
 d - a throwing net (quivered)
 e - a javelin
Armour
 b - a +0 leather armour (worn)
 c - a +0 helmet (worn)
Scrolls
 f - a scroll of magic mapping {unknown}
 j - a scroll of summoning {unknown}
 k - a scroll of vulnerability {unknown}
Potions
 g - 2 potions of curing {unknown}
 h - a potion of cancellation {unknown}
 i - a potion of invisibility {unknown}


   Skills:
 + Level 2.9 Fighting
 - Level 2.6 Short Blades
 - Level 1.7 Throwing
 - Level 2.6 Dodging
 - Level 2.0 Stealth


You had 2 spell levels left.
You didn't know any spells.
Your spell library was empty.

Dungeon Overview and Level Annotations

Branches:
Dungeon (2/15)

Altars:


Innate Abilities, Weirdness & Mutations

You have very sharp fingernails.


Message History

The orc is heavily wounded.
The bat barely misses you. The bat hits you but does no damage.
The orc struggles against the net.
You barely miss the orc.
The orc is heavily wounded.
The bat hits you but does no damage.
The orc struggles against the net.
Unknown command.
You hit the orc.
The orc is severely wounded.
The bat completely misses you. The bat misses you.
The orc struggles against the net.
Unknown command.
You hit the orc.
The orc is almost dead.
The bat hits you.
* * * LOW HITPOINT WARNING * * *
The bat barely misses you.
The orc struggles against the net.
The net rips apart, and the orc comes free!
Unknown command.
Throw: 2 throwing nets
Press: ? - help, Q - select action, (/) - cycle Shift-Dir - straight line, f/p - orc
Aim: an orc, wielding a +0 flail and wearing a +2 leather armour of positive energy (almost dead, 59% to hit)
You throw a throwing net. The throwing net hits the orc.
The orc is caught in the net!
The orc is almost dead.
The bat misses you.
The orc struggles against the net.
You hit the orc but do no damage.
The orc is almost dead.
The bat hits you but does no damage.
The orc struggles against the net.
The bat hits you but does no damage.
Unknown command.
You completely miss the orc.
The orc is almost dead.
The bat closely misses you.
The orc struggles against the net.
Unknown command.
You catch the helpless orc completely off-guard!
You hit the orc.
You kill the orc!
The bat closely misses you. The bat hits you.
You die...

............#####....)..########.
.........##.#...........# #.
.........##.#.#.####....# #.
)........##.#.#.##......########.
.........##.#.#.##.#.............
#........##.#......#.............
#........##.#...####....##.####..
##.............#####.............
#....).........)@b...............
##.##...###...[#.#####...........
#...................)............
##.##..........#.####...|........
##.##.........##.##..............
#........##................#####.
#....###.###..##.##.#......# #.
#....# #.###........#......# ##.
#....###.#8##............#.# #..


You could see a bat.

Vanquished Creatures
  2 orcs (D:1)
  2 bats (D:1)
  3 endoplasms (D:1)
  4 goblins (D:1)
  6 hobgoblins (D:1)
  5 jackals (D:1)
  2 quokkas (D:1)
  A ball python (D:1)
  A frilled lizard (D:1)
  2 kobolds (D:1)
  A rat (D:1)
29 creatures vanquished.

Notes
Turn   | Place    | Note
-------+----------+-------------------------------------------
     0 | D:1      | Newt the Demonspawn Gladiator began the quest for the Orb.
     0 | D:1      | Reached XP level 1. HP: 16/16 MP: 1/1
    66 | D:1      | Reached skill level 1 in Stealth
   339 | D:1      | Gained mutation: You have sharp fingernails. [demonic
                  | ancestry]
   339 | D:1      | Reached XP level 2. HP: 22/22 MP: 2/2
  1089 | D:1      | Gained mutation: You have very sharp fingernails. [demonic
                  | ancestry]
  1089 | D:1      | Reached XP level 3. HP: 20/28 MP: 3/3
  1806 | D:1      | HP: 1/28 [bat (1)]
  1810 | D:1      | Slain by a bat

Illustrated notes

Levels and vault maps discovered:
D:1:      minmay_arrival_stone_box, layout_basic, serial_corexii_hall,
          chequers_hall_statues_corner_a, chequers_hall_statues_y,
          corexii_hall_statues_t, chequers_hall_statues_corner_a,
          corexii_hall_statues_i, corexii_hall_statues_l, minivault_14
D:2:      layout_basic, uniq_terence

Skill      XL: |  1  2 |
---------------+-------+-----
Stealth        | 1 2 |  2.0
Fighting       | |  2.9
Short Blades   | |  2.6
Throwing       | |  1.7
Dodging        | |  2.6

Action                   || total
-------------------------++-------
Melee: Rapier            ||   104
Throw: Javelin           ||     1
       Throwing net      ||     2
 Stab: Sleeping          ||     2
       Held in net/web   ||     1
Armor: Leather armour    ||    46
Dodge: Dodged            ||   102

Table legend: (Time is in decaauts)
 A = Elapsed time spent in this place.
 B = Non-inter-level travel time spent in this place.
 C = Inter-level travel time spent in this place.
 D = Time resting spent in this place.
 E = Time spent auto-exploring this place.
 F = Levels seen in this place.
 G = Mean time per level.
                   A        B        C        D        E       F      G
               +--------+--------+--------+--------+--------+-----+--------+
         Total |   1822 |   1801 |     21 |    753 |    841 |   2 |  911.0 |
       Dungeon |   1822 |   1801 |     21 |    753 |    841 |   2 |  911.0 |
               +--------+--------+--------+--------+--------+-----+--------+

Top non-repeatable levels by time:
     D:1: 1812 daAuts
     D:2: 10 daAuts
